 Dungeon Crawl Stone Soup version 0.29.1-13-g9f3cf754e1 (webtiles) character file.

Game seed: 7349524974821998610

62 cdecastro the Sneak (level 4, 0/21 HPs)
             Began as a Vine Stalker Enchanter on Jan 31, 2023.
             Was an Initiate of Yredelemnul.
             Slain by a gnoll
             ... wielding a +0 spear of flaming
              (1 damage)
             ... on level 3 of the Dungeon on Feb 3, 2023.
             The game lasted 00:06:20 (1770 turns).

cdecastro the Sneak (Vine Stalker Enchanter)        Turns: 1770, Time: 00:06:22

Health: 0/21       AC:  2    Str: 11    XL:     4   Next: 8%
Magic:  0/8        EV: 12    Int: 15    God:    Yredelemnul [......]
Gold:   140        SH:  0    Dex: 16    Spells: 2/7 levels left

rFire   . . .      SeeInvis .   j - +2 dagger (flame)
rCold   . . .      Faith    .   (no shield)
rNeg    . . .      Spirit   +   b - +0 robe
rPois   .          Reflect  .   (no helmet)
rElec   .          Harm     .   (no cloak)
rCorr   .          Rampage  .   (no gloves)
Will    .....                   (no boots)
Stlth   +++.......              (no amulet)
HPRegen 0.87/turn               (no ring)
MPRegen 0.11/turn               (no ring)

@: no status effects
A: fangs 2, regeneration 1, magic shield, antimagic bite, no potion heal 2
a: Renounce Religion, Recall Undead Harvest


You were on level 3 of the Dungeon.
You worshipped Yredelemnul.
Yredelemnul was noncommittal.
You visited 1 branch of the dungeon, and saw 3 of its levels.

You collected 140 gold pieces.

Inventory:

Hand Weapons
 a - a +1 dagger
 j - a +2 dagger of flaming (weapon)
Armour
 b - a +0 robe (worn)
 p - a +0 cloak
Jewellery
 k - a +4 ring of evasion
 m - an amulet of magic regeneration
 o - a ring of resist corrosion
Wands
 n - a wand of polymorph (9)
Scrolls
 e - 2 scrolls of torment {unknown}
 f - 4 scrolls of identify {unknown}
 g - 2 scrolls of immolation {unknown}
 i - a scroll of teleportation {unknown}
 q - a scroll of summoning {unknown}
 s - a scroll of butterflies {unknown}
 u - a scroll of blinking {unknown}
Potions
 c - 2 potions of invisibility
 d - 2 potions of curing {unknown}
 h - a potion of attraction {unknown}
 l - 3 potions of might {unknown}
 r - a potion of berserk rage {unknown}
 t - a potion of lignification {unknown}


   Skills:
 - Level 0.8 Short Blades
 - Level 1.5 Dodging
 + Level 4.6 Stealth
 - Level 2.1 Spellcasting
 * Level 4.3 Hexes


You had 2 spell levels left.
You knew the following spells:

 Your Spells              Type           Power      Damage    Failure   Level
a - Ensorcelled Hibernat  Hex/Ice        16%        N/A       14%         2
b - Confusing Touch       Hex            14%        N/A       11%         3

Your spell library contained the following spells:

 Spells                   Type           Power      Damage    Failure   Level
 Tukima's Dance           Hex            14%        N/A       11%         3
 Dazzling Flash           Conj/Hex       16%        N/A       26%         3


Dungeon Overview and Level Annotations

Branches:
Dungeon (3/15)

Altars:
Yredelemnul


Innate Abilities, Weirdness & Mutations

You have extremely sharp teeth.
Your natural rate of healing is unusually fast.
When hurt, damage is shared between your health and your magic reserves.
Your bite disrupts and absorbs the magic of your enemies.
Potions cannot restore your health.


Message History

HP restored.
Magic restored.
You swap places.
You swap places.
An endoplasm comes into view.
The helpless endoplasm fails to defend itself.
You impale the endoplasm!! You burn the endoplasm.
You kill the endoplasm!
A quokka comes into view.
A quokka is nearby!
A quokka is nearby!
A quokka is nearby!
The helpless quokka fails to defend itself.
You impale the quokka!! You burn the quokka.
You kill the quokka!
You swap places.
A gnoll comes into view. It is wielding a +0 halberd.
A gnoll is nearby!
A gnoll is nearby!
A gnoll comes into view. It is wielding a +0 whip.
A gnoll comes into view. It is wielding a +0 whip.
A gnoll comes into view. It is wielding a +0 spear of flaming.
An endoplasm comes into view.
The gnoll shouts! x3
The gnoll hits you with a +0 whip.
The endoplasm quivers.
The gnoll shouts!
The gnoll attacks as you move away! The gnoll closely misses you.
The gnoll hits you from afar with a +0 halberd!
There is a stone staircase leading up, spattered with blood here.
Unknown command.
The gnoll hits you with a +0 whip.
* * * LOW HITPOINT WARNING * * *
The gnoll hits you with a +0 whip!
* * * LOW HITPOINT WARNING * * *
The gnoll hits you with a +0 spear of flaming.
* * * LOW HITPOINT WARNING * * *
The gnoll burns you.
You die...
Your body rises from the dead as a mindless zombie.

#.# ##.#..# #...## ..
#.#####....## ####.### ##
####.......#.## #....#
......######.#
#....######## ....#.#
#.## #............
..#.#.#
#..####....########
#.#.<.# ##.....g...#
#.##..# ###gg..####
#..#...# #..g@.....#
##.##........J.######...#
.# .#####.... ...# .. ..
#..### #.... #.# #.#
#..... .# #. ###.. #


l You could see 4 gnolls and an endoplasm.

Vanquished Creatures
  2 adders (D:3)
  A worm (D:2)
  2 dart slugs
  5 bats
  An endoplasm (D:3)
  2 giant cockroaches
  7 goblins
  A hobgoblin (D:1)
  3 kobolds
  2 quokkas
  3 ball pythons
  2 frilled lizards (D:1)
  5 rats
36 creatures vanquished.

Notes
Turn   | Place    | Note
-------+----------+-------------------------------------------
     0 | D:1      | cdecastro the Vine Stalker Enchanter began the quest for
                  | the Orb.
     0 | D:1      | Reached XP level 1. HP: 9/9 MP: 4/4
   210 | D:1      | Reached XP level 2. HP: 13/13 MP: 6/6
   214 | D:1      | Learned a level 2 spell: Ensorcelled Hibernation
   917 | D:2      | Reached XP level 3. HP: 16/16 MP: 7/7
   930 | D:2      | Learned a level 3 spell: Confusing Touch
   951 | D:2      | Noticed a golden eye
   953 | D:2      | Found a faded altar of an unknown god.
   955 | D:2      | Noticed a golden eye
   957 | D:2      | Noticed a shining eye
   957 | D:2      | Noticed a floating eye
   961 | D:2      | You fall into a shaft and drop 1 floor!
  1562 | D:2      | Prayed at the altar of an unknown god.
  1562 | D:2      | Became a worshipper of Yredelemnul the Dark
  1562 | D:2      | Reached * piety under Yredelemnul
  1599 | D:3      | Gained mutation: Your natural rate of healing is unusually
                  | fast. [Vine Stalker growth]
  1599 | D:3      | Reached XP level 4. HP: 21/21 MP: 8/8
  1770 | D:3      | HP: 1/21 [gnoll/+0 spear of flaming (1)]
  1770 | D:3      | Slain by a gnoll

Illustrated notes

Levels and vault maps discovered:
D:1:      minmay_arrival_doors, layout_basic, minmay_tromino_v4_a
D:2:      layout_rooms, hellmonk_ecumenical_altar_watching_god
D:3:      layout_rooms, uniq_natasha, uniq_ijyb

Skill      XL: |  1  2  3 |
---------------+----------+-----
Stealth        | 4 |  4.6
Hexes          | 4 |  4.3
Short Blades   | |  0.8
Dodging        | |  1.5
Spellcasting   | |  2.1

Action                   |  1- 3 |  4- 6 || total
-------------------------+-------+-------++-------
Melee: Dagger            |    68 |     5 ||    73
       Bite              |     7 |     1 ||     8
 Cast: Ensorcelled Hiber |     7 |       ||     7
 Stab: Sleeping          |    20 |     2 ||    22
Armor: Robe              |     6 |       ||     6
Dodge: Dodged            |    34 |     1 ||    35
